 Seeded DCSS version 0.29-a0-11-ga75d3d97ab (webtiles) character file.

Game seed: 3698939498586987721 (custom seed)

37 croobank the Insei (level 3, 0/22 (23) HPs)
             Began as an Octopode Transmuter on Jan 29, 2022.
             Slain by a gnoll (2 damage)
             ... on level 2 of the Dungeon.
             The game lasted 00:03:27 (948 turns).

croobank the Insei (Octopode Transmuter)             Turns: 948, Time: 00:03:32

HP:   0/22 (23)     AC:  1    Str:  9    XL:     3   Next: 41%
MP:   14/15         EV: 13    Int: 20    God:
Gold: 45            SH:  0    Dex: 12    Spells: 0/6 levels left

rFire   . . .      SeeInvis .   a - +0 dagger
rCold   . . .      Faith    .   (no shield)
rNeg    . . .      Spirit   .   (helmet restricted)
rPois   .          Reflect  .   (no amulet)
rElec   .          Harm     .   g - ring "Uleoruid" {MP+9 Int+3 Slay+4}
rCorr   .          Rampage  .   (no ring)
Will    .....                   (no ring)
Stlth   ++........              (no ring)
HPRegen 0.07/turn               (no ring)
MPRegen 0.14/turn               (no ring)
                                (no ring)
                                (no ring)

@: lightly drained
A: almost no armour, amphibious, 8 rings, camouflage 1, gelatinous body 1,
(nimble swimmer 1), tentacles
a: no special abilities


You were on level 2 of the Dungeon.
You visited 1 branch of the dungeon, and saw 3 of its levels.

You collected 45 gold pieces.

Inventory:

Hand Weapons
 a - a +0 dagger (weapon)
 b - a +0 hunting sling
Missiles
 e - 20 stones
Jewellery
 g - the ring "Uleoruid" (left tentacle) {MP+9 Int+3 Slay+4}
   (You acquired it on level 3 of the Dungeon)

   [ring of slaying]

   Int:       It affects your intelligence (+3).
   Slay:      It affects your accuracy & damage with ranged weapons and melee
   (+4).
   MP:        It affects your magic capacity (+9).
Scrolls
 c - a scroll of acquirement
 d - a scroll of magic mapping {unknown}
 f - a scroll of identify {unknown}
 i - a scroll of teleportation {unknown}
Potions
 h - a potion of lignification {unknown}


   Skills:
 + Level 1.6 Fighting
 + Level 2.3 Dodging
 + Level 3.3 Unarmed Combat
 + Level 2.3 Spellcasting
 + Level 2.4 Transmutations


You couldn't memorise any spells.
You knew the following spells:

 Your Spells              Type           Power      Damage    Failure   Level
a - Beastly Appendage     Tmut           24%        N/A       5%          1
b - Wereblood             Tmut           12%        N/A       9%          2
c - Spider Form           Tmut/Pois      7%         N/A       28%         3

Your spell library contained the following spells:

 Spells                   Type           Power      Damage    Failure   Level
 Ice Form                 Ice/Tmut       7%         N/A       67%         4


Dungeon Overview and Level Annotations

Branches:
Dungeon (3/15)

Altars:


Innate Abilities, Weirdness & Mutations

You cannot wear most types of armour.
You are amphibious.
You can wear up to eight rings at the same time.
Your skin changes colour to match your surroundings (Stealth+).
Your rubbery body absorbs attacks. (AC +1, EV +1)
((You are camouflaged when in or above water. (Stealth+)))
You have tentacles for arms and can constrict up to eight enemies at once.


Message History

You see here a throwing net.
You struggle against the net.
You struggle against the net.
You struggle against the net.
The gnoll hits you with a +0 flail!
You rip the net and break free!
The gnoll closely misses you.
You barely miss the gnoll.
Your transformation is almost over.
The gnoll barely misses you.
You barely miss the gnoll. The gnoll closely misses you.
You hit the gnoll.
The gnoll is poisoned.
The gnoll is moderately wounded.
The gnoll misses you.
You hit the gnoll.
The gnoll looks as sick as possible!
The gnoll is almost dead.
The gnoll closely misses you.
You hit the gnoll.
You kill the gnoll!
Things that are here:
a +0 flail; a gnoll corpse A gnoll comes into view.
It is wielding a +0 spear.
You see here a throwing net.
The gnoll shouts!
You hit the gnoll but do no damage.
The gnoll is poisoned.
The gnoll completely misses you.
You hit the gnoll.
The gnoll is moderately wounded.
The gnoll barely misses you.
You hit the gnoll.
The gnoll looks as sick as possible!
The gnoll is heavily wounded.
Your transformation has ended.
Your +0 dagger unmelds from your body.
The gnoll hits you from afar with a +0 spear.
You barely miss the gnoll. Your grab misses the gnoll.
The gnoll is heavily wounded.
The gnoll hits you with a +0 whip of draining!
* * * LOW HITPOINT WARNING * * *
You feel drained.
* * * LOW HITPOINT WARNING * * *
The gnoll hits you from afar with a +0 spear.
You die...

#####..##..# ##.## #.#
#..........######.#.#####.#
#.###..##........###......#
#..##.#######.#.#####.##
#..##.# ##.#####.#.######
#..##.# #......###......
..###..##.#
#######.#.######
..........# ###########.##
..####..### #.@gg....>..#
#..# #(#########.#
.#####..# ###.### #.#
........# #...).# #.#
.######<# #.#.#.# #.#
#.........#.# #.#
#.#####.###.# #.# #.# #. .#
#.# #.# # ..


You could see 2 gnolls.

Vanquished Creatures
  A gnoll (D:2)
  An adder (D:1)
  A ball python (D:1)
  2 bats (D:1)
  An endoplasm (D:2)
  3 hobgoblins
  4 jackals (D:2)
  A frilled lizard (D:2)
  A kobold (D:1)
  3 rats
18 creatures vanquished.

Notes
Turn   | Place    | Note
-------+----------+-------------------------------------------
     0 | D:1      | croobank the Octopode Transmuter began the quest for the
                  | Orb.
     0 | D:1      | Reached XP level 1. HP: 13/13 MP: 3/3
    80 | D:1      | Reached XP level 2. HP: 14/18 MP: 3/5
    96 | D:1      | Learned a level 2 spell: Wereblood
   639 | D:3      | Identified 2 scrolls of acquirement
   639 | D:3      | Acquired the ring "Uleoruid" {MP+9 Int+3 Slay+4}
   884 | D:2      | Reached XP level 3. HP: 18/23 MP: 6/6
   899 | D:2      | Learned a level 3 spell: Spider Form
   948 | D:2      | Slain by a gnoll

Illustrated notes

Levels and vault maps discovered:
D:1:      roderic_octagonal_star, layout_loops_corners, serial_rivers,
          chequers_serial_rivers_room_b, chequers_serial_rivers_micro_e,
          chequers_serial_rivers_micro_c, chequers_serial_rivers_micro_a,
          chequers_serial_rivers_micro_e
D:2:      layout_loops_ring, serial_shops, shop_fountains
D:3:      layout_basic, tgw_trog, shapermc_ecumenical_altar_mp_ritualfount,
          grunt_ministairs_8

Action                   || total
-------------------------++-------
Melee: Dagger            ||    31
       Tentacles         ||     5
       Unarmed           ||    10
       Constrict         ||     8
       Kick              ||     5
       Punch             ||     2
 Cast: Beastly Appendage ||    11
       Wereblood         ||     1
       Spider Form       ||     1
  Use: Scroll            ||     1
 Stab: Sleeping          ||     2
Armor: Skin              ||     4
Dodge: Dodged            ||    34

Table legend: (Time is in decaauts)
 A = Elapsed time spent in this place.
 B = Non-inter-level travel time spent in this place.
 C = Inter-level travel time spent in this place.
 D = Time resting spent in this place.
 E = Time spent auto-exploring this place.
 F = Levels seen in this place.
 G = Mean time per level.
                   A        B        C        D        E       F      G
               +--------+--------+--------+--------+--------+-----+--------+
         Total |    947 |    904 |     43 |     70 |    608 |   3 |  315.7 |
       Dungeon |    947 |    904 |     43 |     70 |    608 |   3 |  315.7 |
               +--------+--------+--------+--------+--------+-----+--------+

Top non-repeatable levels by time:
     D:1: 572 daAuts
     D:2: 200 daAuts
     D:3: 174 daAuts
